 Dungeon Crawl Stone Soup version 0.27.1-34-g3ba077fa99 (webtiles) character file.

Game seed: 12097203054889977645

35 shadowrider38 the Skirmisher (level 3, 0/21 HPs)
             Began as a Vine Stalker Fighter on Jan 5, 2022.
             Slain by an iguana (1 damage)
             ... on level 2 of the Dungeon.
             The game lasted 00:02:02 (2210 turns).

shadowrider38 the Skirmisher (Vine Stalker Fighter) Turns: 2210, Time: 00:02:02

Health: 0/21       AC: 10    Str: 19    XL:     3   Next: 33%
Magic:  0/4        EV:  4    Int:  8    God:
Gold:   54         SH:  9    Dex: 13    Spells: 2/2 levels left

rFire    . . .     SeeInvis .   a - +0 trident
rCold    . . .     Faith    .   c - +0 kite shield
rNeg     . . .     Spirit   +   e - +0 chain mail
rPois    .         Reflect  .   k - +1 helmet
rElec    .         Harm     .   (no cloak)
rCorr    .         Rampage  .   (no gloves)
Will     .....                  (no boots)
Stlth    ..........             (no amulet)
HPRegen  0.07/turn              (no ring)
MPRegen  0.09/turn              (no ring)

@: no status effects
A: fangs 2, magic shield, antimagic bite, no potion heal 2
a: no special abilities


You were on level 2 of the Dungeon.
You visited 1 branch of the dungeon, and saw 2 of its levels.

You collected 54 gold pieces.

Inventory:

Hand Weapons
 a - a +0 trident (weapon)
Missiles
 j - 18 poisoned darts (quivered)
 l - 47 stones
Armour
 c - a +0 kite shield (worn)
 e - a +0 chain mail (worn)
 k - a +1 helmet (worn)
Scrolls
 f - a scroll of teleportation {unknown}
 g - a scroll of identify {unknown}
Potions
 b - a potion of flight {unknown}
 d - a potion of might
 h - a potion of curing {unknown}
 i - 4 potions of degeneration {unknown}


   Skills:
 + Level 3.9 Fighting
 - Level 1.7 Polearms
 - Level 2.4 Armour
 - Level 2.6 Shields


You had 2 spell levels left.
You didn't know any spells.
Your spell library contained the following spells:

 Spells                   Type           Power      Damage    Failure   Level
 Gell's Gravitas          Tloc           0%         N/A       100%        3
 Lesser Beckoning         Tloc           0%         N/A       100%        3
 Teleport Other           Tloc           0%         N/A       100%        3


Dungeon Overview and Level Annotations

Branches:
Dungeon (2/15)

Altars:


Innate Abilities, Weirdness & Mutations

You have extremely sharp teeth.
When hurt, damage is shared between your health and your magic reserves.
Your bite disrupts and absorbs the magic of your enemies.
Potions cannot restore your health.


Message History

There is an open door here.
You see here 16 bolts.
l - 47 stones (gained 23) Key pressed, stopping explore.
The iguana hisses angrily.
There is an open door here.
An iguana is nearby!
An iguana is nearby!
An iguana is nearby!
An iguana is nearby!
You close the door.
You open the door.
An iguana is nearby!
You barely miss the iguana. You block the iguana's attack.
You hit the iguana.
The iguana is lightly wounded.
You block the iguana's attack. x2
You hit the iguana but do no damage. You bite the iguana. You drain its power.
The iguana is lightly wounded.
The iguana bites you.
You hit the iguana but do no damage. Your bite misses the iguana.
The iguana is lightly wounded.
The iguana bites you. You block the iguana's attack.
You barely miss the iguana. You bite the iguana. You drain its power.
You feel invigorated.
The iguana is moderately wounded.
You block the iguana's attack.
You puncture the iguana!
The iguana is almost dead.
The iguana bites you! The iguana bites you.
* * * LOW HITPOINT WARNING * * *
You closely miss the iguana.
The iguana is almost dead.
You block the iguana's attack.
You closely miss the iguana.
The iguana is almost dead.
The iguana bites you.
* * * LOW HITPOINT WARNING * * *
The iguana bites you.
You die...

#.............###
##..#..........#
#...........#####
#.#########.....#
#########.#.......#.....#
#...<.....#.......#.....#
#########.#..###..#....##
#.l..'_#(.#....#
#@#..###..#....###
#.#.......#....##.
###.#.......#....##.
#...#########....##.
#................##.
#...................
#............######.
#............# #####
#............# #....


You could see an iguana.

Vanquished Creatures
  An adder (D:2)
  4 ball pythons
  3 bats
  2 endoplasms
  A giant cockroach (D:2)
  4 goblins (D:1)
  2 hobgoblins
  A kobold (D:1)
  A frilled lizard (D:1)
  7 rats
26 creatures vanquished.

Notes
Turn   | Place    | Note
-------+----------+-------------------------------------------
     0 | D:1      | shadowrider38 the Vine Stalker Fighter began the quest for
                  | the Orb.
     0 | D:1      | Reached XP level 1. HP: 11/11 MP: 2/2
   101 | D:1      | Reached skill level 3 in Fighting
   126 | D:1      | Reached XP level 2. HP: 16/16 MP: 3/3
   987 | D:2      | Reached XP level 3. HP: 13/21 MP: 4/4
  1851 | D:2      | Found a faded altar of an unknown god.
  2210 | D:2      | HP: 1/21 [iguana (4)]
  2210 | D:2      | Slain by an iguana

Illustrated notes

Levels and vault maps discovered:
D:1:      dpeg_arrival_shrine, layout_basic
D:2:      layout_basic, hellmonk_ecumenical_altar_inner_sanctum

Skill      XL: |  1 |
---------------+----+-----
Fighting       | 3 |  3.9
Polearms       | |  1.7
Armour         | |  2.4
Shields        | |  2.6

Action                   || total
-------------------------++-------
Melee: Trident           ||    58
       Bite              ||     7
Armor: Chain mail        ||    19
Dodge: Dodged            ||     5
Block: Kite shield       ||    21
